 Dungeon Crawl Stone Soup version 0.27-a0-1202-ge72e49191c (webtiles) character file.

Game seed: 2883857663452806979

27 27snakeeyes612 the Skirmisher (level 3, 0/51 HPs)
             Began as a Naga Fighter on June 4, 2021.
             Succumbed to an adder's poison
             ... on level 2 of the Dungeon.
             The game lasted 00:00:39 (1039 turns).

27snakeeyes612 the Skirmisher (Naga Fighter)        Turns: 1039, Time: 00:00:39

Health: 0/51       AC: 21    Str: 19    XL:     3   Next: 10%
Magic:  3/3        EV:  1    Int:  8    God:
Gold:   18         SH:  8    Dex: 10    Spells: 2/2 levels left

rFire    . . .     SeeInvis +   a - +0 war axe
rCold    . . .     Faith    .   c - +0 kite shield
rNeg     + + +     Spirit   .   (armour currently unavailable)
rPois    +         Reflect  .   (helmet currently unavailable)
rElec    .         Harm     .   (cloak currently unavailable)
rCorr    .         Rampage  .   (gloves currently unavailable)
Will     .....     NoTele   +   (no barding)
Stlth    +.........             (no amulet)
HPRegen  0.17/turn              (no ring)
MPRegen  0.08/turn              (no ring)

@: brilliant, lethally poisoned (0 -> -1), tree-form
A: stationary, stasis, torment immunity, boosted hp, AC +1, large, see
invisible, (deformed body), (poison resistance), (slowness 2), spit poison 1,
(naga tail 1)
a: Spit Poison


You were on level 2 of the Dungeon.
You were a tree.
You visited 1 branch of the dungeon, and saw 2 of its levels.

You collected 18 gold pieces.

Inventory:

Hand Weapons
 a - a +0 war axe (weapon)
Armour
 b - a +0 scale mail (melded)
 c - a +0 kite shield (worn)
Scrolls
 g - 2 scrolls of amnesia {unknown}
 h - a scroll of silence {unknown}
 i - a scroll of acquirement {unknown}
 j - a scroll of teleportation {unknown}
 k - a scroll of identify {unknown}
 l - a scroll of magic mapping {unknown}
Potions
 d - a potion of might
 f - a potion of lignification
 m - a potion of heal wounds {unknown}


   Skills:
 + Level 3.1 Fighting
 + Level 2.4 Axes
 + Level 2.8 Armour
 + Level 2.6 Shields


You had 2 spell levels left.
You didn't know any spells.
Your spell library was empty.

Dungeon Overview and Level Annotations

Branches:
Dungeon (2/15)

Altars:


Innate Abilities, Weirdness & Mutations

You are a tree.
Your roots penetrate the ground, keeping you stationary.
You cannot be teleported.
You are immune to unholy pain and torment.
Your maximum health is greatly increased.
Your equipment is partially melded.
((Your serpentine skin is tough. (AC +1)))
You have supernaturally acute eyesight. (SInv)
((Armour fits poorly on your strangely shaped body.))
((Your system is resistant to poisons. (rPois)))
((You cover ground very slowly.))
You can spit poison.
((You have a snake-like lower body.))


Message History

You hit the adder but do no damage. The adder bites you. x2
You are too injured to fight recklessly!
You are too injured to fight recklessly!
You are too injured to fight recklessly!
You are too injured to fight recklessly!
You are too injured to fight recklessly!
You are too injured to fight recklessly!
You are too injured to fight recklessly!
You are too injured to fight recklessly!
You are too injured to fight recklessly!
You are too injured to fight recklessly!
You are too injured to fight recklessly!
You are too injured to fight recklessly!
You are too injured to fight recklessly!
You closely miss the adder. The adder bites you but does no damage.
The adder bites you.
You closely miss the adder. The adder bites you.
You are poisoned.
The adder poisons you! The adder bites you.
You closely miss the adder.
* * * LOW HITPOINT WARNING * * *
You feel very sick. You block the adder's attack. The adder bites you.
* * * LOW HITPOINT WARNING * * *
You hit the adder but do no damage.
* * * LOW HITPOINT WARNING * * *
You feel sick. The adder bites you.
* * * LOW HITPOINT WARNING * * *
The adder bites you but does no damage.
You closely miss the adder.
* * * LOW HITPOINT WARNING * * *
You feel sick. You block the adder's attack. x2
It was a potion of lignification.
You turn into a tree.
Your +0 scale mail melds into your body.
Your roots penetrate the ground.
* * * LOW HITPOINT WARNING * * *
You feel sick. The adder bites you but does no damage.
It was a potion of brilliance.
You feel clever all of a sudden.
You die...

#.. ## ## #.. #.
. ..# #. #.#.#..
.#.#. .K.
######### #S#
#.......# #♣#
##....##.# #.#
.##........####.#
................#
##........######
...........#
###......<##
#.#...#.#
.........#


You could see an adder and a kobold.

Vanquished Creatures
  A dart slug (D:1)
  A bat (D:1)
  2 giant cockroaches (D:1)
  2 goblins (D:1)
  3 hobgoblins (D:1)
  3 quokkas (D:1)
  3 ball pythons (D:1)
  2 frilled lizards (D:1)
  4 kobolds (D:1)
  3 rats
24 creatures vanquished.

Notes
Turn   | Place    | Note
-------+----------+-------------------------------------------
     0 | D:1      | 27snakeeyes612 the Naga Fighter began the quest for the
                  | Orb.
     0 | D:1      | Reached XP level 1. HP: 21/21 MP: 1/1
   139 | D:1      | Reached XP level 2. HP: 24/28 MP: 2/2
   753 | D:1      | Reached XP level 3. HP: 28/34 MP: 3/3
  1037 | D:2      | HP: 1/34 [poisoned by an adder]
  1039 | D:2      | Succumbed to an adder's poison

Illustrated notes

Levels and vault maps discovered:
D:1:      heliophobic_arrival_dark_side_of_the_moon, layout_basic,
          minmay_misc_feat_plants
D:2:      minmay_spotlight, layout_loops_cross, serial_shops, shop,
          minmay_circle_x

Action                   || total
-------------------------++-------
Melee: War axe           ||    74
  Use: Potion            ||     2
Armor: Scale mail        ||    29
       Skin              ||     1
Dodge: Dodged            ||    14
Block: Kite shield       ||    44

Table legend: (Time is in decaauts)
 A = Elapsed time spent in this place.
 B = Non-inter-level travel time spent in this place.
 C = Inter-level travel time spent in this place.
 D = Time resting spent in this place.
 E = Time spent auto-exploring this place.
 F = Levels seen in this place.
 G = Mean time per level.
                   A        B        C        D        E       F      G
               +--------+--------+--------+--------+--------+-----+--------+
         Total |   1307 |   1280 |     27 |      0 |   1085 |   2 |  653.5 |
       Dungeon |   1307 |   1280 |     27 |      0 |   1085 |   2 |  653.5 |
               +--------+--------+--------+--------+--------+-----+--------+

Top non-repeatable levels by time:
     D:1: 1255 daAuts
     D:2: 52 daAuts
